 Dungeon Crawl Stone Soup version 0.30-a0-802-gb92711bcdf (console) character file.

Game seed: 9788794414503734043

2613 jejorda2 the Spear-Bearer (level 9, 0/103 HPs)
             Began as a Merfolk Berserker on Feb 24, 2023.
             Was an Elder of Trog.
             Slain by a centaur
             ... wielding a +0 halberd
              (5 damage)
             ... in a bailey.
             The game lasted 00:14:33 (6173 turns).

jejorda2 the Spear-Bearer (Merfolk Berserker)       Turns: 6173, Time: 00:14:33

Health: 0/103      AC: 15    Str: 21    XL:     9   Next: 60%
Magic:  9/9        EV: 15    Int:  6    God:    Trog [****..]
Gold:   408        SH:  0    Dex: 14    Spells: 8/8 levels left

rFire   . . .      SeeInvis .    a - +0 glaive
rCold   . . .      Faith    .    (shield currently unavailable)
rNeg    . . .      Spirit   .    k - +0 plate armour
rPois   .          Reflect  .    l - +1 helmet
rElec   .          Harm     .    (no cloak)
rCorr   .          Rampage  .    q - +0 pair of gloves
Will    .....                    (boots currently unavailable) Stlth
                                 E - amulet of the acrobat
HPRegen 0.37/turn                G - +5 ring of evasion
MPRegen 0.11/turn                (no ring)

@: berserking, very quick
A: nimble swimmer 2, mertail
a: Renounce Religion, Berserk, Trog's Hand, Brothers in Arms


You were in a bailey.
You worshipped Trog.
Trog was greatly pleased with you.
You visited 1 branch of the dungeon, and saw 7 of its levels.
You also visited: Bailey.

You collected 462 gold pieces.
You spent 54 gold pieces at shops.

Inventory:

Hand Weapons
 a - a +0 glaive (weapon)
 c - a +0 halberd
 s - a +0 trident
Missiles
 e - 19 stones (quivered)
 f - 7 boomerangs
 p - 9 poisoned darts
 x - 19 javelins
Armour
 k - a +0 plate armour (worn)
 l - a +1 helmet (worn)
 n - a +2 pair of boots (melded)
 q - a +0 pair of gloves (worn)
Jewellery
 E - an amulet of the acrobat (around neck)
 G - a +5 ring of evasion (left hand)
Wands
 H - a wand of digging (3)
Scrolls
 h - a scroll of identify
 w - a scroll of enchant weapon
Potions
 b - 3 potions of might
 d - 2 potions of lignification
 g - a potion of haste {unknown}
 i - 2 potions of heal wounds {unknown}
 j - 3 potions of attraction
 m - 2 potions of flight {unknown}
 o - 10 potions of curing
 r - a potion of brilliance {unknown}
 t - 2 potions of ambrosia {unknown}
 u - a potion of resistance {unknown}
 v - 3 potions of invisibility
 A - a potion of degeneration {unknown}
 C - a potion of berserk rage {unknown}
 D - a potion of mutation {unknown}


   Skills:
 - Level 6.0 Fighting
 * Level 13.3 Polearms
 + Level 4.1 Armour
 - Level 6.0 Dodging


You had 8 spell levels left.
You didn't know any spells.
Your spell library was empty.

Dungeon Overview and Level Annotations

Branches:
Dungeon (7/15)             Temple (0/1) D:5          Bailey (1/1)

Altars:
Makhleb
Qazlal
Wu Jian
Yredelemnul

Shops:
D:1 [   D:4 (

Annotations:
D:4 1 runed translucent door


Innate Abilities, Weirdness & Mutations

You are very nimble when in or above water. (Stealth+, EV+, Speed+++)
Your lower body shifts to a powerful aquatic tail in water.


Message History

The centaur closely misses you.
The centaur kicks you but does no damage.
You hit the centaur.
The centaur is lightly wounded.
The centaur throws a javelin.
The javelin barely misses you.
The centaur hits you but does no damage.
The centaur misses you. x2; The centaur barely misses you.
The orc warrior barely misses you.
The orc warrior hits you with a +0 halberd!
* * * LOW HITPOINT WARNING * * *
You slice the centaur!!
You feel the power of Trog in you as your rage grows.
You kill the centaur!
Trog accepts your kill. The centaur completely misses you.
The centaur hits you but does no damage.
The centaur misses you. The centaur closely misses you.
You slice the centaur!!
The centaur is almost dead.
The centaur barely misses you.
The centaur kicks you but does no damage.
The orc warrior hits you with a +0 halberd.
* * * LOW HITPOINT WARNING * * *
The orc closely misses you.
The orc warrior hits you from afar with a +0 halberd!
* * * LOW HITPOINT WARNING * * *
The centaur misses you.
You slice the centaur!!
You kill the centaur!
Trog accepts your kill.
The orc warrior hits you but does no damage.
An orc warrior comes into view. It is wielding a +0 bardiche.
The orc warrior hits you but does no damage.
Reach: a) +0 glaive
Press: ? - help, Dir - move target, f - centaur
Aim: a centaur, wielding a +0 halberd, wearing a +0 chain mail and quivering javelins (severely wounded, about 20% to evade your +0 glaive)
You reach to attack!
You barely miss the centaur.
The centaur is severely wounded.
The centaur hits you from afar with a +0 halberd.
You die...

#################
≈≈≈≈≈≈≈≈≈≈≈≈≈≈≈≈##
≈≈≈≈≈≈≈≈≈≈≈≈≈≈≈≈≈##
≈≈≈...).o.≈≈≈≈≈≈≈≈##
≈..≈≈≈)@≈≈..≈≈≈≈≈≈≈#
o≈≈≈.o...≈≈≈..≈≈≈≈≈#
≈≈..oo.c...≈≈≈.≈≈≈≈#
.....≈~≈.....≈.≈≈≈≈#
.⌠..≈≈~≈≈..⌠.≈≈.≈≈≈#
....≈~≈~≈.....≈.≈≈≈#
...≈≈~≈~≈≈....≈≈.≈≈#
...≈~≈≈≈~≈.....≈.≈≈#
...≈~≈)≈~≈.....≈.≈≈#


You could see 4 orc warriors, a centaur and an orc.

Vanquished Creatures
  A water moccasin (D:6)
  4 orc warriors (Bailey)
  A sky beast (D:6)
  An ice beast (D:7)
  8 centaurs (Bailey)
  2 ogres
  5 scorpions
  5 wights (D:6)
  A vampire bat (D:4)
  2 hounds
  2 orc priests
  3 iguanas
  2 orc wizards (D:4)
  3 gnolls (D:3)
  7 adders
  A shadow imp (D:7)
  3 dart slugs
  3 fire bats (D:4)
  28 orcs
  2 spectral bats (D:4)
  3 bat skeletons (D:4)
  A bat zombie (D:4)
  5 endoplasms
  A giant cockroach (D:4)
  6 hobgoblins
  2 jackals (D:1)
  7 kobolds
  5 quokkas
  11 ball pythons
  16 bats
  A bat simulacrum (D:4)
  9 frilled lizards
  9 goblins
  3 rats (D:2)
163 creatures vanquished.

Vanquished Creatures (others)
  4 fungi (D:3)
  6 plants (D:2)
10 creatures vanquished.

Grand Total: 173 creatures vanquished

Notes
Turn   | Place    | Note
-------+----------+-------------------------------------------
     0 | D:1      | jejorda2 the Merfolk Berserker began the quest for the Orb.
     0 | D:1      | Reached XP level 1. HP: 18/18 MP: 1/1
   342 | D:1      | Reached XP level 2. HP: 24/24 MP: 2/2
   377 | D:1      | Found Win Wugh's Armour Boutique.
   714 | D:1      | Bought a +0 helmet for 54 gold pieces
   845 | D:2      | Reached skill level 5 in Polearms
   845 | D:2      | Reached XP level 3. HP: 30/30 MP: 3/3
   976 | D:2      | Reached ** piety under Trog
  1432 | D:3      | Found a stormy altar of Qazlal.
  1509 | D:3      | Reached XP level 4. HP: 36/37 MP: 4/4
  2050 | D:3      | Reached XP level 5. HP: 42/42 MP: 5/5
  2078 | D:3      | Found a faded altar of an unknown god.
  2360 | D:4      | Reached skill level 6 in Polearms
  2681 | D:4      | Reached XP level 6. HP: 49/49 MP: 6/6
  2739 | D:4      | Found a runed translucent door.
  2739 | D:4      | Noticed a human
  2743 | D:4      | Found a basalt altar of Yredelemnul.
  2790 | D:4      | Reached skill level 7 in Polearms
  2864 | D:4      | Found Fyqoysesk's Weapon Shop.
  2909 | D:4      | Reached *** piety under Trog
  2971 | D:4      | Reached skill level 5 in Dodging
  3133 | D:4      | Reached skill level 5 in Fighting
  3133 | D:4      | Reached XP level 7. HP: 56/56 MP: 7/7
  3286 | D:5      | Entered Level 5 of the Dungeon
  3286 | D:5      | Found a staircase to the Ecumenical Temple.
  3641 | D:5      | Reached skill level 8 in Polearms
  4125 | D:6      | Reached skill level 9 in Polearms
  4129 | D:6      | Reached XP level 8. HP: 64/64 MP: 8/8
  4446 | D:6      | Reached skill level 10 in Polearms
  4453 | D:6      | Found an ornate altar of the Wu Jian Council.
  4672 | D:6      | Found a burning altar of Makhleb.
  4966 | D:6      | Identified the +3 leather armour of Peidgh {Int+2}
  5228 | D:7      | Reached skill level 11 in Polearms
  5360 | D:7      | Found a flagged portal.
  5373 | D:7      | Reached **** piety under Trog
  5385 | Bailey   | Entered a bailey
  5407 | Bailey   | Reached XP level 9. HP: 54/69 MP: 9/9
  5636 | Bailey   | Reached skill level 12 in Polearms
  6091 | Bailey   | Reached skill level 13 in Polearms
  6171 | Bailey   | HP: 4/103 [orc warrior/+0 halberd (11)]
  6173 | Bailey   | Slain by a centaur

Illustrated notes

Levels and vault maps discovered:
D:1:      co_arrival_square_in_a_square_in_a_square, layout_loops_cross,
          serial_shops, shop
D:2:      layout_rooms, minmay_lizard_king
D:3:      layout_loops_ring, nicolae_qazlal_eye_of_the_storm,
          shapermc_ecumenical_altar_ellora
D:4:      layout_rooms, dk_yredelemnul_ordeal, serial_shops,
          nicolae_shop_bloodbath_and_beyond, goddamned_bats
D:5:      layout_loops_ring, minmay_temple_entry_trees
D:6:      layout_basic, lightli_temple_of_fire, nicolae_wu_jian_wuxing_cycle,
          st_stairs_3
D:7:      layout_loops_corners, tgw_xom, enter_bailey_5
Bailey:   bailey_polearm_flooded_kennysheep, bailey

Skill      XL: |  1  2  3  4  5  6  7  8  9 |
---------------+----------------------------+-----
Dodging        | 3 4 5 6 |  6.0
Polearms       | 5 6 7 9 11 13 | 13.3
Fighting       | 4 5 6 |  6.0
Armour         | 3 4 |  4.1

Action                     |  1- 3 |  4- 6 |  7- 9 || total
---------------------------+-------+-------+-------++-------
  Melee: Spear             |   157 |   239 |   199 ||   595
         Punch             |     2 |     2 |     2 ||     6
         Trident           |       |       |    28 ||    28
         Tailslap          |       |       |     4 ||     4
         Halberd           |       |       |    42 ||    42
         Glaive            |       |       |    40 ||    40
  Throw: Stone             |       |    13 |     1 ||    14
 Invoke: Berserk           |     1 |     3 |     5 ||     9
         Trog's Hand       |       |     1 |     1 ||     2
    Use: Scroll            |       |       |    13 ||    13
   Stab: Sleeping          |     2 |       |       ||     2
 Armour: Animal skin       |     3 |       |       ||     3
         Scale mail        |    53 |    47 |       ||   100
         Chain mail        |       |   118 |    50 ||   168
         Plate armour      |       |       |    21 ||    21
  Dodge: Dodged            |    67 |   138 |   274 ||   479

Table legend: (Time is in decaauts)
 A = Elapsed time spent in this place.
 B = Non-inter-level travel time spent in this place.
 C = Inter-level travel time spent in this place.
 D = Time resting spent in this place.
 E = Time spent auto-exploring this place.
 F = Levels seen in this place.
 G = Mean time per level.
                   A        B        C        D        E       F      G
               +--------+--------+--------+--------+--------+-----+--------+
         Total |   6054 |   5867 |    187 |    661 |   3865 |   8 |  756.8 |
       Dungeon |   5281 |   5094 |    187 |    379 |   3624 |   7 |  754.4 |
        Bailey |    773 |    773 |      0 |    282 |    241 |   1 |  773.0 |
               +--------+--------+--------+--------+--------+-----+--------+

Top non-repeatable levels by time:
     D:6: 1133 daAuts
     D:3: 1081 daAuts
     D:4: 816 daAuts
  Bailey: 773 daAuts
     D:5: 755 daAuts
     D:1: 732 daAuts
     D:2: 613 daAuts
     D:7: 147 daAuts
